brits are strong

Match 15256527
End
Royal Engineer Section
Construct Section Command Post
Selects British Armored Battlegroup
Infantry Section
Infantry Section
Infantry Section
Selects Rigorous Vehicle Training
Infantry Section
Construct Platoon Command Post
Humber Armored Car
Humber Armored Car
6-pounder Anti-tank Gun Team
Construct Field Infirmary
Royal Engineer Section
Construct Company Command Post
Matilda II Heavy Tank
Selects Crusader AA Medium Tank
Grenade Package
6-pounder Anti-tank Gun Team
Selects Churchill Black Prince Heavy Tank
Churchill Black Prince Heavy Tank
Matilda II Heavy Tank
Matilda II Heavy Tank
Royal Engineer Section
Armored Vehicle Training
Italian Space Mafia
Anticafe
0
0

Comments sign in to comment!

JTDeel over 1 year ago

was curious on the brit build order how you selected the battle group so fast according to the timeline on the build order tab